 Dungeon Crawl Stone Soup version 0.24-a0-443-g80245de (webtiles) character file.

Game seed: 12566486261174917545

186 Foxy the Chopper (level 5, -3/41 HPs)
             Began as a Demonspawn Gladiator on June 21, 2019.
             Killed by nerve-wracking pain
             ... invoked by an orc priest
              (6 damage)
             ... on level 3 of the Dungeon.
             The game lasted 00:04:14 (2517 turns).

Foxy the Chopper (Demonspawn Gladiator)             Turns: 2517, Time: 00:04:15

Health: -3/41      AC:  8    Str: 16    XL:     5   Next: 38%
Magic:  5/5        EV: 12    Int:  9    God:
Gold:   54         SH:  0    Dex: 14    Spells: 4/4 levels left

rFire    . . .     SeeInvis .   a - +0 war axe
rCold    . . .     Gourm    .   (no shield)
rNeg     . . .     Faith    .   b - +0 leather armour
rPois    .         Spirit   .   c - +0 helmet
rElec    .         Reflect  .   k - +0 cloak
rCorr    .         Harm     .   (no gloves)
MR       .....                  (no boots)
Stlth    ++........             (no amulet)
HPRegen  0.13/turn              (no ring)
MPRegen  0.09/turn              (no ring)

@: no status effects
A: talons 1, yellow scales 2, nightstalker 1
a: no special abilities


You were on level 3 of the Dungeon.
You were not hungry.

You visited 1 branch of the dungeon, and saw 3 of its levels.

You collected 54 gold pieces.

Inventory:

Hand Weapons
 a - a +0 war axe (weapon)
Missiles
 d - 4 throwing nets (quivered)
Armour
 b - a +0 leather armour (worn)
 c - a +0 helmet (worn)
 k - a +0 cloak (worn)
Scrolls
 e - 2 scrolls of identify {unknown}
 i - a scroll of fear {unknown}
 l - a scroll of remove curse {unknown}
Potions
 g - a potion of curing {unknown}
 h - a potion of invisibility {unknown}
 j - a potion of brilliance {unknown}
Comestibles
 f - 4 rations
 m - a chunk of flesh


   Skills:
 + Level 3.6 Fighting
 * Level 4.8 Axes
 - Level 1.7 Throwing
 - Level 2.6 Dodging


You had 4 spell levels left.
You didn't know any spells.
Your spell library contained the following spells:

 Spells                   Type           Power        Failure   Level  Hunger
 Summon Small Mammal      Summ           #...         45%         1    ##.....
 Call Imp                 Summ           #.......     58%         2    ###....
 Call Canine Familiar     Summ           #.......     83%         3    ####...
 Summon Guardian Golem    Hex/Summ       #.......     83%         3    ####...
 Summon Ice Beast         Ice/Summ       #.......     99%         4    #####..
 Summon Lightning Spire   Summ/Air       #.......     99%         4    #####..


Dungeon Overview and Level Annotations

Branches:
Dungeon (3/15)

Altars:
Elyvilon


Innate Abilities, Weirdness & Mutations

You have sharp toenails.
You are mostly covered in yellow scales. (AC +3)
You are slightly more attuned to the shadows.


Message History

The orc priest is moderately wounded.
The orc priest calls down the wrath of Beogh upon you.
Beogh smites you!
You hit the orc priest but do no damage.
Your kick misses the orc priest.
The orc priest is moderately wounded.
The orc priest closely misses you.
Some of the chunks of flesh in your inventory have rotted away.
You hit the orc priest. You claw the orc priest.
The orc priest is severely wounded.
The orc priest mumbles some strange prayers to Beogh against you.
Beogh smites you!
The orc priest invokes the aid of Beogh against you.
Pain shoots through your body!
* * * LOW HITPOINT WARNING * * *
You barely miss the orc priest. Your kick misses the orc priest.
The orc priest is severely wounded.
The orc priest calls down the wrath of Beogh upon you.
Pain shoots through your body!
You die...

#.##.#.#
#.##...#
#.###.## #.#
♣.♣ . #.#
#.# .♣ #.#
♣.♣#♣## P.
#.#
#$.$..#.#.P
####.#
♣.♣.♣o!....
#....#
#..)@).....
#.####
♣.♣..#...##
######.#
###.## .##
.......# #.#
# #####..#
#.# #..# #.#
#..##### #.
#####>...(..
......######


You could see an orc priest.

Vanquished Creatures
  2 orc wizards (D:3)
  Crazy Yiuf (D:2)
  3 adders (D:2)
  3 oozes (D:1)
  3 worms
  A dart slug (D:1)
  2 leopard geckos
  4 orcs (D:3)
  7 bats
  3 giant cockroaches
  6 goblins
  4 hobgoblins
  3 frilled lizards
  3 kobolds (D:2)
  6 rats
51 creatures vanquished.

Notes
Turn   | Place    | Note
-------+----------+-------------------------------------------
     0 | D:1      | Foxy the Demonspawn Gladiator began the quest for the Orb.
     0 | D:1      | Reached XP level 1. HP: 16/16 MP: 1/1
    49 | D:1      | Reached skill level 3 in Axes
    60 | D:1      | Gained mutation: You are partially covered in yellow
                  | scales. (AC +2) [demonic ancestry]
    60 | D:1      | Reached XP level 2. HP: 21/23 MP: 2/2
   158 | D:1      | Gained mutation: You are mostly covered in yellow scales.
                  | (AC +3) [demonic ancestry]
   158 | D:1      | Reached XP level 3. HP: 19/28 MP: 3/3
   825 | D:2      | Found a white marble altar of Elyvilon.
   921 | D:2      | Reached skill level 4 in Axes
   921 | D:2      | Gained mutation: You have sharp toenails. [demonic
                  | ancestry]
   921 | D:2      | Reached XP level 4. HP: 25/34 MP: 4/4
  1173 | D:2      | Noticed a phantom
  1399 | D:2      | Found a runed translucent door.
  1400 | D:2      | Noticed Crazy Yiuf
  1407 | D:2      | Killed Crazy Yiuf
  2283 | D:3      | Gained mutation: You are slightly more attuned to the
                  | shadows. [demonic ancestry]
  2283 | D:3      | Reached XP level 5. HP: 24/41 MP: 5/5
  2517 | D:3      | Killed from afar by an orc priest

Levels and vault maps discovered:
D:1:      shiori_shiawase, layout_rooms
D:2:      layout_loops_ring, overflow_temple_1_default, uniq_crazy_yiuf_cottage
D:3:      layout_loops_ring, serial_forest, infiniplex_forest_end_3,
          infiniplex_forest_straight_1, infiniplex_forest_lined_room_,
          infiniplex_forest_3_way, infiniplex_forest_lined_room_2,
          infiniplex_forest_clump_diagonal, infiniplex_forest_clump_medium,
          infiniplex_forest_lined_3_way, infiniplex_forest_lined_3, first_ration

Skill      XL: |  1  2  3  4 |
---------------+-------------+-----
Axes           | 3 4 |  4.8
Fighting       | 3 |  3.6
Throwing       | |  1.7
Dodging        | |  2.6

Action                   |  1- 3 |  4- 6 || total
-------------------------+-------+-------++-------
Melee: War axe           |    81 |    69 ||   150
       Kick              |       |    15 ||    15
 Stab: Sleeping          |     2 |     2 ||     4
  Eat: Chunk             |       |     5 ||     5
Armor: Leather armour    |    37 |    18 ||    55
Dodge: Dodged            |    50 |    39 ||    89

Table legend:
 A = Non-vault XP
 B = Vault XP
 C = Vault XP percentage of total XP
 D = Non-vault monster count
 E = Vault monster count
 F = Vault count percentage of total count
                 A         B        C        D         E       F
            +---------+---------+-------+---------+---------+-------
      Total |     227 |      40 |  15.0 |      50 |       1 |   2.0
            +---------+---------+-------+---------+---------+-------
        D:1 |      51 |       0 |   0.0 |      20 |       0 |   0.0
        D:2 |      70 |      40 |  36.4 |      21 |       1 |   4.5
        D:3 |     106 |       0 |   0.0 |       9 |       0 |   0.0
            +---------+---------+-------+---------+---------+-------
